 Dungeon Crawl Stone Soup version 0.25.0-10-g039870ee82 (webtiles) character file.

Game seed: 15175677987216619170

84 funkygono the Covered (level 4, -3/43 HPs)
             Began as a Gargoyle Fighter on June 22, 2020.
             Slain by Sigmund
             ... wielding a +0 scythe of protection
              (9 damage)
             ... on level 2 of the Dungeon.
             The game lasted 00:02:59 (1818 turns).

funkygono the Covered (Gargoyle Fighter)            Turns: 1818, Time: 00:02:59

Health: -3/43      AC: 10    Str: 20    XL:     4   Next: 45%
Magic:  4/4        EV:  7    Int:  9    God:
Gold:   20         SH:  0    Dex:  9    Spells: 3/3 levels left

rFire    . . .     SeeInvis .   a - +0 flail
rCold    . . .     Gourm    .   c - +0 kite shield
rNeg     + . .     Faith    .   b - +0 scale mail
rPois    ∞         Spirit   .   (no helmet)
rElec    +         Reflect  .   (no cloak)
rCorr    .         Harm     .   (no gloves)
MR       .....                  (no boots)
Stlth    ..........             (no amulet)
HPRegen  0.14/turn              (no ring)
MPRegen  0.09/turn              (no ring)

@: confused, brilliant, berserking, flying, very quick
A: negative energy resistance 1, electricity resistance, unbreathing,
petrification resistance, rot immunity, AC +3
a: no special abilities


You were on level 2 of the Dungeon.
You were not hungry.

You visited 1 branch of the dungeon, and saw 2 of its levels.

You collected 20 gold pieces.

Inventory:

Hand Weapons
 a - a +0 flail (weapon)
Missiles
 k - 19 stones (quivered)
Armour
 b - a +0 scale mail (worn)
 c - a +0 kite shield (worn)
Wands
 h - a wand of flame (11)
Scrolls
 g - a scroll of fear {unknown}
 j - 3 scrolls of identify
 o - a scroll of teleportation {unknown}
Potions
 d - a potion of might
 e - a potion of berserk rage
 i - a potion of mutation
 l - a potion of magic
Comestibles
 f - 3 rations


   Skills:
 + Level 3.8 Fighting
 + Level 2.8 Maces & Flails
 + Level 4.1 Armour
 + Level 0.1 Stealth
 + Level 3.9 Shields


You had 3 spell levels left.
You didn't know any spells.
Your spell library was empty.

Dungeon Overview and Level Annotations

Branches:
Dungeon (2/15)

Altars:

Annotations:
D:2 Sigmund


Innate Abilities, Weirdness & Mutations

You are resistant to torment.
Your stone body is resilient. (AC +3)
You are immune to poison.
You resist negative energy. (rN+)
You are resistant to electric shocks. (rElec)
You can survive without breathing.
You are immune to petrification.
You are immune to rotting.


Message History

You are more confused.
You bump into the rock wall.
Sigmund hits you with a +0 scythe of protection.
* * * LOW HITPOINT WARNING * * *
It was a potion of flight.
You feel very buoyant.
You fly up into the air.
Sigmund hits you but does no damage.
You're too confused!
It was a potion of brilliance.
You feel clever all of a sudden.
You're too confused!
A red film seems to cover your vision as you go berserk!
You feel yourself moving faster!
You feel mighty! Sigmund hits you but does no damage.
You closely miss Sigmund.
Sigmund is heavily wounded.
Sigmund gestures at you while chanting.
You are more confused.
Sigmund hits you from afar with a +0 scythe of protection!
You die...

#.....#### ##.
#####...## #.. ..# ##.##
#... #.# #.########
##...####.# #........##
.........?# #..#####.##
..........# #....# #.#.
..........#####...###...
.......@................
########..#####...###...
#.@# #.......#. #.##
###.###### #.# #..# #
#.# ####.##### ###
#........# #.##.###.#
#.##.# #.#


You could see Sigmund.

Vanquished Creatures
  Terence (D:2)
  A gnoll (D:2)
  An adder (D:2)
  A dart slug (D:1)
  A leopard gecko (D:1)
  A giant cockroach (D:1)
  4 goblins
  5 hobgoblins
  4 jackals
  4 kobolds
  7 bats
  9 rats
39 creatures vanquished.

Notes
Turn   | Place    | Note
-------+----------+-------------------------------------------
     0 | D:1      | funkygono the Gargoyle Fighter began the quest for the Orb.
     0 | D:1      | Reached XP level 1. HP: 14/14 MP: 1/1
   219 | D:1      | Reached XP level 2. HP: 19/19 MP: 2/2
   574 | D:1      | Reached XP level 3. HP: 23/24 MP: 3/3
  1142 | D:2      | Noticed Terence
  1152 | D:2      | Killed Terence
  1152 | D:2      | Reached XP level 4. HP: 23/29 MP: 4/4
  1439 | D:2      | Reached skill level 4 in Armour
  1792 | D:2      | Noticed Sigmund
  1818 | D:2      | Slain by Sigmund

Illustrated notes

Levels and vault maps discovered:
D:1:      matt_arrival_spirals, layout_loops_ring
D:2:      layout_loops_corners, st_stairs_14, uniq_robin,
          uniq_crazy_yiuf_cottage, uniq_terence, uniq_sigmund

Skill      XL: |  1  2  3  4 |
---------------+-------------+-----
Armour         | 4 |  4.1
Fighting       | |  3.8
Maces & Flails | |  2.8
Stealth        | |  0.1
Shields        | |  3.9

Action                   |  1- 3 |  4- 6 || total
-------------------------+-------+-------++-------
Melee: Flail             |   105 |    48 ||   153
  Use: Scroll            |     5 |       ||     5
       Potion            |       |     3 ||     3
  Eat: Chunk             |     1 |     2 ||     3
Armor: Scale mail        |    51 |    52 ||   103
Dodge: Dodged            |    27 |    34 ||    61
Block: Kite shield       |    57 |    34 ||    91
